 Dungeon Crawl Stone Soup version 0.24.0-2-g5b39cebb1c (webtiles) character file.

Game seed: 4916378686479553114, levelgen mode: deterministic

105 Lanoc the Slasher (level 4, -1/24 HPs)
             Began as a Vine Stalker Berserker on Oct 29, 2019.
             Was a Believer of Trog.
             Succumbed to an orc wizard's poison
             ... on level 3 of the Dungeon.
             The game lasted 00:02:04 (950 turns).

Lanoc the Slasher (Vine Stalker Berserker)           Turns: 950, Time: 00:02:04

Health: -1/24      AC:  2    Str: 19    XL:     4   Next: 81%
Magic:  2/5        EV: 12    Int:  7    God:    Trog [**....]
Gold:   84         SH:  0    Dex: 15    Spells: 3/3 levels left

rFire    . . .     SeeInvis .   g - +2 dagger (elec)
rCold    . . .     Gourm    .   (no shield)
rNeg     . . .     Faith    .   b - +0 animal skin
rPois    .         Spirit   +   (no helmet)
rElec    .         Reflect  .   (no cloak)
rCorr    .         Harm     .   (no gloves)
MR       .....                  (no boots)
Stlth    +.........             (no amulet)
HPRegen  0.48/turn              (no ring)
MPRegen  0.09/turn              (no ring)

@: lethally poisoned (-1 -> -11), berserk cooldown, slowed, drained, very slow
A: fangs 2, regeneration 1, magic shield, antimagic bite, no potion heal 3, rot
immunity
a: Berserk, Trog's Hand, Renounce Religion


You were on level 3 of the Dungeon.
You worshipped Trog.
Trog was pleased with you.
You were near starving.

You visited 1 branch of the dungeon, and saw 3 of its levels.

You collected 84 gold pieces.

Inventory:

Hand Weapons
 a - a +0 falchion
 g - a +2 dagger of electrocution (weapon)
Armour
 b - a +0 animal skin (worn)
 n - a +0 plate armour
Wands
 l - a wand of paralysis (8)
Scrolls
 d - 2 scrolls of amnesia {unknown}
 e - 4 scrolls of identify {unknown}
 f - 4 scrolls of remove curse {unknown}
 h - 2 scrolls of fear {unknown}
 j - a scroll of enchant armour {unknown}
Potions
 i - a potion of heal wounds {unknown}
 k - a potion of berserk rage
 m - a potion of mutation {unknown}
Comestibles
 c - 3 rations


   Skills:
 + Level 3.2(2.2) Fighting
 * Level 3.7(2.7) Long Blades
 + Level 2.2(1.3) Armour
 + Level 2.2(1.2) Dodging


You had 3 spell levels left.
You didn't know any spells.
Your spell library was empty.

Dungeon Overview and Level Annotations

Branches:
Dungeon (3/15)

Altars:


Innate Abilities, Weirdness & Mutations

You have extremely sharp teeth.
Your natural rate of healing is unusually fast.
When hurt, damage is shared between your health and your magic reserves.
Your bite disrupts and absorbs the magic of your enemies.
Potions cannot restore your health.
You are immune to rotting.


Message History

You feel a strong urge to attack something.
The orc wizard mumbles some strange words.
The orc wizard blinks!
You are no longer berserk.
You are exhausted.
You feel yourself slow down.
You feel sick.
You feel sick. The orc wizard barely misses you. The orc wizard misses you.
You hit the orc wizard.
The orc wizard is lightly wounded.
The orc wizard hits you but does no damage.
You are lethally poisoned!
The orc wizard hits you with a +1 dagger of venom.
You are more poisoned.
The orc wizard gestures at you while chanting.
The magic dart hits you.
* * * LOW HITPOINT WARNING * * *
It was a potion of berserk rage.
You're still recovering from your berserk rage.
You die...

#.# #.# ###.#
#...# #.### #.#
# #.#
.####.########.#
......)...@o...#
..###.##########
#. #


You could see an orc wizard.

Vanquished Creatures
  A crimson imp (D:3)
  An orc priest (D:3)
  A worm (D:3)
  A dart slug (D:2)
  2 leopard geckos (D:1)
  2 orcs (D:3)
  A giant cockroach (D:3)
  4 goblins (D:1)
  4 hobgoblins
  5 kobolds
  A quokka (D:3)
  3 bats
  2 frilled lizards (D:1)
  6 rats
34 creatures vanquished.

Notes
Turn   | Place    | Note
-------+----------+-------------------------------------------
     0 | D:1      | Lanoc the Vine Stalker Berserker began the quest for the
                  | Orb.
     0 | D:1      | Reached XP level 1. HP: 11/11 MP: 2/2
    40 | D:1      | Reached XP level 2. HP: 11/16 MP: 3/3
   610 | D:2      | Reached XP level 3. HP: 19/19 MP: 4/4
   843 | D:3      | Reached ** piety under Trog
   935 | D:3      | Gained mutation: Your natural rate of healing is unusually
                  | fast. [Vine Stalker growth]
   935 | D:3      | Reached XP level 4. HP: 22/24 MP: 5/5
   950 | D:3      | Succumbed to an orc wizard's poison

Levels and vault maps discovered:
D:1:      scummos_arrival_gate, layout_basic
D:2:      layout_basic, lemuel_zombie_altar_yredelemnul
D:3:      layout_loops_ring, chequers_ecumenical_altar_island,
          kennysheep_generic_room_13, uniq_jessica, uniq_robin

Skill      XL: |  1  2  3 |
---------------+----------+-----
Long Blades    | 3 |  3.7
Fighting       | 3 |  3.2
Armour         | 2 |  2.2
Dodging        | 2 |  2.2

Action                   |  1- 3 |  4- 6 || total
-------------------------+-------+-------++-------
Melee: Falchion          |    22 |       ||    22
       Bite              |    11 |     1 ||    12
       Dagger            |    31 |     9 ||    40
Invok: Berserk           |     2 |       ||     2
  Use: Potion            |       |     1 ||     1
 Stab: Sleeping          |     3 |       ||     3
Armor: Animal skin       |    11 |       ||    11
Dodge: Dodged            |    25 |     3 ||    28
       Rpst.: Falchion   |     4 |       ||     4
